 Dungeon Crawl Stone Soup version 0.27.1-1-g398f81649c (webtiles) character file.

Game seed: 10933468139636245558

0 hawla the Sneak (level 1, 0/19 HPs)
             Began as a Deep Elf Delver on Sept 5, 2021.
             Frozen to death by an endoplasm (4 damage)
             ... on level 1 of the Dungeon.
             The game lasted 00:01:53 (335 turns).

hawla the Sneak (Deep Elf Delver)                    Turns: 335, Time: 00:01:53

Health: 0/19       AC: 20    Str:  9    XL:     1   Next: 8%
Magic:  3/3        EV:  2    Int: 14    God:
Gold:   14         SH:  0    Dex: 16    Spells: 0/0 levels left

rFire    . . .     SeeInvis .   a - +0 short sword
rCold    . . .     Faith    .   (no shield)
rNeg     + + +     Spirit   .   (armour currently unavailable)
rPois    +         Reflect  .   (helmet currently unavailable)
rElec    .         Harm     .   (cloak currently unavailable)
rCorr    .         Rampage  .   (gloves currently unavailable)
Will     .....     NoTele   +   (boots currently unavailable)
Stlth    +++.......             (no amulet)
HPRegen  0.06/turn              (no ring)
MPRegen  0.08/turn              (no ring)

@: tree-form
A: stationary, stasis, torment immunity, boosted hp
a: no special abilities


You were on level 1 of the Dungeon.
You were a tree.
You visited 1 branch of the dungeon, and saw 5 of its levels.

You collected 14 gold pieces.

Inventory:

Hand Weapons
 a - a +0 short sword (weapon)
Armour
 b - a +0 leather armour (melded)
Wands
 d - a wand of paralysis (4)
 g - a wand of digging (2)
Scrolls
 c - a scroll of fog
 e - 2 scrolls of fear
Potions
 f - a potion of haste
 i - a potion of degeneration {unknown}


   Skills:
 + Level 2.4 Fighting
 + Level 2.0 Short Blades
 + Level 2.4 Dodging
 + Level 6.0 Stealth
 * Level 0.3 Spellcasting


You couldn't memorise any spells.
You didn't know any spells.
Your spell library contained the following spells:

 Spells                   Type           Power      Damage    Failure   Level
 Static Discharge         Conj/Air       0%         N/A       38%         2
 Lightning Bolt           Conj/Air       0%         1d11      100%        5
 Maxwell's Capacitive Co  Air            0%         ∞         100%        8


Dungeon Overview and Level Annotations

Branches:
Dungeon (5/15)
 Temple: D:4-7

Altars:


Message History

The ball python constricts you.
Unknown command.
The ball python's grasp on you weakens, but your attempt to escape fails.
The endoplasm freezes you.
You are frozen.
The ball python bites you but does no damage.
The ball python constricts you.
Unknown command.
You hit the ball python.
The ball python is moderately wounded.
The endoplasm barely misses you.
The ball python bites you but does no damage.
The ball python constricts you.
Aiming: Paralyse
Press: ? - help, Shift-Dir - straight line, f - ball python
Aim: a ball python (moderately wounded, constricting you, chance to affect: 63%)
The ball python suddenly stops moving!
The ball python loses its grip on you.
The adder hisses angrily.
The endoplasm freezes you.
You are frozen.
The rat bites you but does no damage.
The endoplasm hits you but does no damage.
The adder bites you but does no damage. The rat closely misses you.
You climb upwards.
The kobold shouts!
Found a ring mail.
There is a stone staircase leading down here.
It was a potion of lignification.
You turn into a tree.
Your +0 leather armour melds into your body.
Your roots penetrate the ground.
The endoplasm barely misses you. The rat bites you but does no damage.
You barely miss the rat. The endoplasm freezes you.
You are frozen.
* * * LOW HITPOINT WARNING * * *
The rat bites you but does no damage.
You hit the rat.
The rat is heavily wounded.
The endoplasm freezes you.
You are frozen.
You die...

..
K.#
.. .[
####.
...
#r#
#♣#
#J#
#.#
#.#
#..
##. .
.#


You could see an endoplasm, a kobold and a rat.

Vanquished Creatures
  A ball python (D:3)
1 creature vanquished.

Notes
Turn   | Place    | Note
-------+----------+-------------------------------------------
     0 | D:5      | hawla the Deep Elf Delver began the quest for the Orb.
     0 | D:5      | Reached XP level 1. HP: 13/13 MP: 3/3
   125 | D:4      | Noticed a jelly
   335 | D:1      | Frozen to death by an endoplasm

Illustrated notes

Levels and vault maps discovered:
D:1:      minmay_arrival_plants_in_alcoves, layout_loops_ring,
          shapermc_ecumenical_altar_notcrosses, minmay_misc_feat_more_columns,
          minmay_tetromino_t2
D:2:      layout_loops_ring, basic_altar, uniq_terence
D:3:      layout_loops_ring, minmay_close_crescents
D:4:      layout_basic, pdpol_wu_jian_five_deadly_venoms,
          hangedman_decor_growths, nrook_mini_backslash, uniq_natasha
D:5:      layout_basic

Action                   || total
-------------------------++-------
Melee: Short sword       ||     5
Evoke: Wand              ||     2
  Use: Scroll            ||     1
       Potion            ||     1
Armor: Leather armour    ||     7
       Skin              ||     2
Dodge: Dodged            ||    12
